 Dungeon Crawl Stone Soup version 0.23.2-1-ga50397a (webtiles) character file.

Game seed: 9212173198533450595

178 Borgoz the Slasher (level 5, -3/47 HPs)
             Began as a Minotaur Berserker on May 26, 2019.
             Was a Believer of Trog.
             Splashed by Ijyb's acid (13 damage)
             ... on level 3 of the Dungeon.
             The game lasted 00:03:41 (1255 turns).

Borgoz the Slasher (Minotaur Berserker)             Turns: 1255, Time: 00:03:42

Health: -3/47      AC:  0    Str: 22    XL:     5   Next: 32%
Magic:  4/4        EV: 13    Int:  4    God:    Trog [**....]
Gold:   148        SH:  0    Dex: 10    Spells: 4/4 levels left

rFire    . . .     SeeInvis .   a - +0 falchion
rCold    . . .     Gourm    .   (no shield)
rNeg     . . .     Faith    .   b - +1 animal skin
rPois    .         Spirit   .   (helmet restricted)
rElec    .         Reflect  .   (no cloak)
rCorr    .         Harm     .   (no gloves)
MR       .....                  (no boots)
Stlth    +.........             (no amulet)
HPRegen  0.15/turn              (no ring)
MPRegen  0.09/turn              (no ring)

@: corroded
A: retaliatory headbutt, horns 2
a: Berserk, Trog's Hand, Renounce Religion


You were on level 3 of the Dungeon.
You worshipped Trog.
Trog was pleased with you.
You were not hungry.

You visited 1 branch of the dungeon, and saw 3 of its levels.

You collected 148 gold pieces.

Inventory:

Hand Weapons
 a - a +0 falchion (weapon)
Armour
 b - a +1 animal skin (worn)
Scrolls
 k - a scroll of remove curse
Potions
 d - a potion of mutation {unknown}
 i - 3 potions of flight
 j - a potion of lignification {unknown}
Comestibles
 c - 3 rations


   Skills:
 + Level 4.6 Fighting
 * Level 5.3 Long Blades
 + Level 3.6 Armour
 + Level 3.3 Dodging


You had 4 spell levels left.
You didn't know any spells.
Your spell library was empty.

Dungeon Overview and Level Annotations

Branches:
Dungeon (3/15)

Altars:

Annotations:
D:3 Ijyb


Innate Abilities, Weirdness & Mutations

You reflexively headbutt those who attack you in melee.
You have a pair of horns on your head.


Message History

The bolt of acid misses you.
Ijyb is nearby!
You hit Ijyb.
Ijyb is moderately wounded.
You feel sick. Ijyb closely misses you. You furiously retaliate!
You headbutt Ijyb, but do no damage.
You riposte.
You hit Ijyb but do no damage.
Ijyb is moderately wounded.
You hit Ijyb but do no damage.
Ijyb is moderately wounded.
Ijyb zaps a wand.
The bolt of acid hits you! The acid corrodes you!
You are splashed with acid!
* * * LOW HITPOINT WARNING * * *
Ijyb zaps a wand.
The bolt of acid misses you.
You are too injured to fight recklessly!
You feel better. Ijyb completely misses you.
You feel better.
Ijyb zaps a wand.
The bolt of acid hits you!
* * * LOW HITPOINT WARNING * * *
You are splashed with acid!
You die...

#.............#
#......###.##..
#....#....>#
######.#####
#.# #.# . #.#
##>.. ##.#
####....#
###..# #.@g.#
##...## #.####
#..### ###.#
#.######...#
#.#......###
#†#.######
#...# #.### #.#


You could see Ijyb.

Vanquished Creatures
  An orc priest (D:2)
  Natasha (D:2)
  An orc wizard (D:2)
  6 adders
  An ooze (D:2)
  2 dart slugs (D:1)
  A leopard gecko (D:2)
  An orc (D:2)
  A ball python (D:2)
  5 bats
  2 giant cockroaches
  3 goblins (D:1)
  5 hobgoblins (D:2)
  A quokka (D:3)
  A frilled lizard (D:3)
  7 kobolds
  3 rats
42 creatures vanquished.

Notes
Turn   | Place    | Note
-------+----------+-------------------------------------------
     0 | D:1      | Borgoz the Minotaur Berserker began the quest for the Orb.
     0 | D:1      | Reached XP level 1. HP: 19/19 MP: 0/0
     6 | D:1      | Noticed a basilisk
     6 | D:1      | Noticed a tyrant leech
     6 | D:1      | Noticed a worker ant
     6 | D:1      | Noticed a yaktaur
    39 | D:1      | Reached XP level 2. HP: 20/27 MP: 1/1
    85 | D:1      | Reached skill level 4 in Long Blades
   561 | D:2      | Reached XP level 3. HP: 20/33 MP: 2/2
   576 | D:2      | Reached XP level 4. HP: 28/40 MP: 3/3
   667 | D:2      | Reached ** piety under Trog
   857 | D:2      | Reached skill level 5 in Long Blades
   938 | D:2      | Noticed Natasha
   941 | D:2      | Killed Natasha
   941 | D:2      | Reached XP level 5. HP: 47/47 MP: 4/4
  1249 | D:3      | Noticed Ijyb
  1255 | D:3      | Splashed by Ijyb's acid

Skill      XL: |  1  2  3  4 |
---------------+-------------+-----
Long Blades    | 4 5 |  5.3
Fighting       | 4 |  4.6
Armour         | 3 |  3.6
Dodging        | 3 |  3.3

Action                   |  1- 3 |  4- 6 || total
-------------------------+-------+-------++-------
Melee: Falchion          |    48 |    56 ||   104
       Headbutt          |     9 |    10 ||    19
  Use: Potion            |     1 |     2 ||     3
       Scroll            |       |     7 ||     7
 Stab: Distracted        |     1 |       ||     1
  Eat: Chunk             |       |     1 ||     1
Armor: Animal skin       |    10 |     6 ||    16
Dodge: Dodged            |    28 |    42 ||    70
       Rpst.: Falchion   |     5 |    11 ||    16
